Cogmind - Beta 10.1 @@@ ROGUE MODE // 2020.10.20 @ 00:16:35 Player: Trollpotato Result: Destroyed by D-53 Grenadier with Mini Grenade Launcher Performance ------------- Evolutions (0) 0 Regions Visited (2) 400 Robots Destroyed (24) 120 Value Destroyed (604) 604 Prototype IDs (0) 0 Alien Tech Used (0) 0 Bonus (0) 0 TOTAL SCORE: 1124 Bonus ------- None Cogmind --------- Core Integrity 0/250 Matter 300/300 Energy 234/250 System Corruption 0% Temperature Cool (48) Movement Rolling (110) Ox1 Location -10/Mines Parts ------- > --- POWER (1) -------- Ion Engine > --- PROPULSION (2) --- Compact Wheel Compact Wheel > --- UTILITY (2) ------ Large Storage Unit High-capacity Storage Unit > --- WEAPON (2) ------- EM Pulse Gun > --- INVENTORY (18) --- Light Nuclear Core Light Treads Light Treads Aluminum Leg Large Storage Unit Sensor Array Signal Interpreter Targeting Computer Medium Armor Plating Medium Armor Plating EM Pulse Gun Rocket Launcher Rocket Launcher Datajack Peak State ------------ > --- POWER ------------ Ion Engine > --- PROPULSION ------- Compact Wheel Compact Wheel > --- UTILITY ---------- Small Storage Unit Small Storage Unit > --- WEAPON ----------- Particle Gun Assault Rifle > --- INVENTORY -------- Ion Engine Light Nuclear Core Light Treads Light Treads Aluminum Leg Sensor Array Signal Interpreter Small Laser [Rating: 9] Favorites ----------- Power Ion Engine Engine Ion Engine Propulsion Compact Wheel Wheel Compact Wheel Utility Small Storage Unit Storage Small Storage Unit Weapon EM Pulse Gun Energy Gun EM Pulse Gun Ballistic Gun Assault Rifle Build | -11 -10 -10 ------- Run | Scr Mat Min Slots Evolved . | . . . Power . | . . . Propulsion . | . . . Utility . | . . . Weapon . | . . . Parts Attached 28 | 7 19 2 Power 3 | 1 1 1 Engine 3 | 1 1 1 Core . | . . . Reactor . | . . . Propulsion 6 | 2 4 . Treads . | . . . Leg . | . . . Wheel 6 | 2 4 . Hover . | . . . Flight . | . . . Utility 4 | 2 2 . Device . | . . . Storage 4 | 2 2 . Processor . | . . . Hackware . | . . . Protection . | . . . Artifact . | . . . Weapon 15 | 2 12 1 Energy Gun 9 | 1 7 1 Energy Cannon . | . . . Ballistic Gun 6 | 1 5 . Ballistic Cannon . | . . . Launcher . | . . . Special Weapon . | . . . Impact Weapon . | . . . Slashing Weapon . | . . . Piercing Weapon . | . . . Special Melee Weapon . | . . . Unidentified Prototypes . | . . . Parts Lost 10 | . 7 3 Power 2 | . 1 1 Propulsion 2 | . 2 . Utility . | . . . Weapon 6 | . 4 2 Highest Loss Streak 3 | . 3 2 Average Slot Usage (%) 96 | . 97 92 Engine 11 | . 14 7 Wheel 27 | . 27 28 Storage 28 | . 28 28 Energy Gun 16 | . 12 27 Ballistic Gun 10 | . 14 . Naked Turns . | . . . Heaviest Build 57 | 16 57 57 Greatest Support 32 | 26 32 32 Greatest Overweight (x) 1 | 1 1 1 Average Overweight (x) . | . . 1 Largest Inventory Capacity 18 | 8 18 18 Average Capacity 13 | 5 12 18 Most Carried 17 | 7 17 16 Average Carried 11 | 4 10 14 Final Capacity 18 | 8 18 18 Final Carried 16 | 7 16 14 Class Distribution -------------------- 74% | Mutant 25% | Scavenger-Mutant Dominant Class ---------------- Mutant | -10/Materials Mutant | -10/Mines Resources | -11 -10 -10 ----------- Run | Scr Mat Min Matter Collected 684 | 274 385 25 Remotely . | . . . Salvage Created 989 | 61 706 222 Parts 47 | 3 37 7 Haulers Intercepted 2 | . 2 . Recyclers Shooed 4 | . 2 2 Parts Field Recycled . | . . . Retrieved Matter . | . . . Parts Self-Destructed . | . . . Prevented . | . . . Kills | -11 -10 -10 ------- Run | Scr Mat Min Combat Hostiles Destroyed 16 | . 11 5 Guns 14 | . 11 3 AOE 2 | . . 2 Classes Destroyed 6 | 1 5 . Hauler 2 | . 2 . Recycler 3 | 1 2 . Operator 1 | . 1 . Watcher 2 | . 2 . Swarmer 3 | . 3 . Grunt 13 | . 8 5 Best Kill Streak 4 | 1 4 2 Combat Bots Only 3 | . 3 2 Max Kills in Single Turn 1 | 1 1 1 Gunslinging . | . . . Exploded 1 | . . 1 Melee . | . . . Uniques/NPCs Destroyed . | . . . Combat | -11 -10 -10 -------- Run | Scr Mat Min Damage Taken 1198 | . 858 340 Core 253 | . 167 86 Absorbed by Shields . | . . . Core Remaining (%) 100 | 100 . . Volleys Fired 97 | 2 77 18 Largest 2 | 2 2 2 Hottest 85 | 60 85 80 Shots Fired 167 | 4 127 36 Gun 167 | 4 127 36 Cannon . | . . . Launcher . | . . . Special . | . . . Kinetic 83 | 2 77 4 Thermal 36 | 2 34 . Explosive . | . . . Electromagnetic 48 | . 16 32 Robot Hit Streak 14 | 3 14 9 Robot Miss Streak 4 | 1 4 2 Penetration Max . | . . . Secondary Targets 2 | . 2 . Max Gunslinging Chain 1 | . 1 . Shots Hit Robots 109 | 3 80 26 Core Hits 44 | 2 31 11 Critical Hits . | . . . Critical Kills . | . . . Critical Parts Destroyed . | . . . Melee Attacks . | . . . Impact . | . . . Slashing . | . . . Piercing . | . . . Sneak Attacks . | . . . Combat Hostiles . | . . . Follow-up Attacks . | . . . Damage Inflicted 1515 | 44 989 482 Guns 1394 | 44 989 361 Cannons . | . . . Explosions 121 | . . 121 Melee . | . . . Ramming . | . . . Kinetic 647 | 21 587 39 Thermal 371 | 23 227 121 Explosive . | . . . Electromagnetic 497 | . 175 322 Impact . | . . . Slashing . | . . . Piercing . | . . . Highest Corruption . | . . . Average Corruption . | . . . Corruption Purged . | . . . Overload Shots . | . . . Overflow Damage 18 | . . 18 Projectiles . | . . . Explosions 18 | . . 18 Melee . | . . . Knockbacks . | . . . Impact . | . . . Kinetic . | . . . Secondary . | . . . Self-Inflicted Damage 42 | . . 42 Shots 1 | . . 1 Rammed . | . . . Targets Rammed . | . . . Kicked . | . . . Crushed . | . . . Highest Temperature 72 | . 72 67 Average Temperature 27 | . 33 17 Received Heat Transfer 537 | . 441 96 Siege Activations . | . . . Robots Corrupted . | . . . Combat Hostiles . | . . . Parts Fried 1 | . 1 . Impact Corruptions . | . . . Robots Melted . | . . . Combat Hostiles . | . . . Parts Melted 1 | . 1 . Heat Transferred 562 | 50 512 . Parts Sabotaged . | . . . Parts Stolen . | . . . Parts Stripped . | . . . Power Chain Reactions 2 | . . 2 Missiles Intercepted . | . . . Alert | -11 -10 -10 ------- Run | Scr Mat Min Peak Influence 189 | 5 189 116 Initial 16 | . 3 16 Average 62 | . 65 63 Maximum Alert Level . | . . . Low Security (%) 100 | 100 100 100 Level 1 . | . . . Level 2 . | . . . Level 3 . | . . . Level 4 . | . . . Level 5 . | . . . High Security . | . . . Max Security . | . . . Squads Dispatched 3 | . 3 . Investigation 1 | . 1 . Extermination . | . . . Reinforcement 2 | . 2 . Assault . | . . . Garrison . | . . . Intercept . | . . . Construction Impeded . | . . . Haulers Reinforced . | . . . Stealth | -11 -10 -10 --------- Run | Scr Mat Min Distress Signals 2 | . 2 . Communications Jammed . | . . . Distress Signals . | . . . Times Spotted 36 | . 25 11 Peak Tracking Total 5 | . 5 5 Tactical Retreats 2 | . 1 1 Traps | -11 -10 -10 ------- Run | Scr Mat Min Traps Triggered 4 | . 4 . Indirectly . | . . . Trap Hack Attempts . | . . . Triggered . | . . . Disarmed . | . . . Reprogrammed . | . . . Reused . | . . . Traps Extracted . | . . . Installed . | . . . Triggered . | . . . Machines | -11 -10 -10 ---------- Run | Scr Mat Min Machines Disabled 1 | . 1 . Max in Single Turn 1 | . 1 . Machines Sabotaged . | . . . Garrisons Compromised . | . . . Overloaded Fab Kills . | . . . Fab Network Shutdowns . | . . . Hacking | -11 -10 -10 --------- Run | Scr Mat Min Machines Accessed 7 | . 7 . Terminals 6 | . 6 . Fabricators . | . . . Repair Stations 1 | . 1 . Recycling Units . | . . . Scanalyzers . | . . . Garrison Access . | . . . Total Hacks 18 | . 18 . Successful 10 | . 10 . Failed 8 | . 8 . Catastrophic . | . . . Database Lockouts . | . . . Manual 16 | . 16 . Terminals 16 | . 16 . Fabricators . | . . . Repair Stations 2 | . 2 . Recycling Units . | . . . Scanalyzers . | . . . Garrison Access . | . . . Terminal Hacks 2 | . 2 . Terminal Index 1 | . 1 . Recall Reinforcements 1 | . 1 . Fabricator Hacks . | . . . Repair Station Hacks 2 | . 2 . Scan Component 1 | . 1 . Repair 1 | . 1 . Recycling Unit Hacks . | . . . Scanalyzer . | . . . Garrison Access Hacks . | . . . Unauthorized Hacks 6 | . 6 . Terminals 6 | . 6 . Botnet 5 | . 5 . Operators 1 | . 1 . Fabricators . | . . . Repair Stations . | . . . Recycling Units . | . . . Scanalyzers . | . . . Garrison Access . | . . . Data Cores Recovered . | . . . Used . | . . . Hacking Detections 7 | . 7 . Full Trace Events . | . . . Feedback Events . | . . . Feedback Blocked . | . . . Robot Schematics Acquired . | . . . Robots Built . | . . . Matter . | . . . Time . | . . . Total Robot Build Rating . | . . . Part Schematics Acquired . | . . . Parts Built . | . . . Matter . | . . . Time . | . . . Total Part Build Rating . | . . . Parts Repaired 1 | . 1 . Time 26 | . 26 . Parts Recycled . | . . . Recycled Matter . | . . . Retrieved Matter . | . . . Retrieved Components . | . . . Parts Scanalyzed . | . . . Part Schematics Acquired . | . . . Parts Damaged . | . . . Bothacking | -11 -10 -10 ------------ Run | Scr Mat Min Used RIF Installer . | . . . Robots Hacked . | . . . Non-combat . | . . . Combat . | . . . Robot Hacks Applied . | . . . Relay Couplers Released . | . . . Robots Rewired . | . . . Allies Hacked . | . . . Hacks Repelled . | . . . Allies | -11 -10 -10 -------- Run | Scr Mat Min Total Allies . | . . . Largest Group . | . . . Highest-Rated Group . | . . . Highest-Rated Ally . | . . . Total Orders . | . . . Ally Attacks . | . . . Total Damage . | . . . Kills . | . . . Allies Corrupted . | . . . Allies Melted . | . . . Intel | -11 -10 -10 ------- Run | Scr Mat Min Robot Analysis Total . | . . . Derelict Logs Recovered . | . . . Drone Launches . | . . . Drone Recoveries . | . . . Exploration | -11 -10 -10 ------------- Run | Scr Mat Min Turns Passed 1533 | 67 1012 454 Spaces Moved 1033 | 51 676 306 Core 3 | 3 . . Treads . | . . . Legs . | . . . Wheels 1030 | 48 676 306 Hover . | . . . Flight . | . . . Fastest Speed 50 | 50 90 110 Average Speed 105 | 86 105 110 Slowest Speed 110 | 100 110 110 Overloaded Moves . | . . . Propulsion Burnouts . | . . . Robots Hopped . | . . . Cave-ins Triggered . | . . . Exploration Rate (%) 49 | 3 94 51 Regions Visited 2 Branch Regions 1 Pre-discovered Areas . | . . . Known Exits Taken . | . . . Unknown Exits Taken 2 | 1 1 . Scrap Searched . | . . . Spaces Dug . | . . . Terrain Destroyed 12 | . . 12 Melee . | . . . Projectile . | . . . AOE 12 | . . 12 Terrain Rammed . | . . . Walls Destroyed . | . . . Machines Disabled . | . . . Actions | -11 -10 -10 --------- Run | Scr Mat Min Total 1301 | 66 847 388 Wait 118 | . 56 62 Move 1031 | 50 675 306 Hop . | . . . Pick Up 20 | 7 13 . Fast Attach 15 | 7 8 . Attach 5 | . 3 2 Detach . | . . . Swap 8 | . 8 . Drop 7 | . 7 . Fire 97 | 2 77 18 Melee . | . . . Ram . | . . . Kick . | . . . Crush . | . . . Escape Stasis . | . . . Rewire . | . . . Trap . | . . . Miscellaneous . | . . . Route ------- -11/Scrapyard -10/Materials (discovered 5 exits: [*Mat x3] / [*Min x2]) -10/Mines (discovered 2 exits: [*Mat] / [*Exi]) History --------- Turn | Location | Event 13 | -11/Scrapyard | Discovered new exit (range 15) 68 | -11/Scrapyard | Entered Materials 233 | -10/Materials | Discovered new exit (range 14) 304 | -10/Materials | Build established: Mutant 387 | -10/Materials | Repaired Assault Rifle 402 | -10/Materials | Core integrity fell below 50% 494 | -10/Materials | Discovered new exit (range 16) 613 | -10/Materials | Lost 3 parts (1p2w) 631 | -10/Materials | Discovered new exit (range 16) 838 | -10/Materials | Discovered new exit (range 8) 894 | -10/Materials | Discovered new exit (range 15) 1080 | -10/Materials | Entered Mines 1258 | -10/Mines | Core integrity fell below 20% 1379 | -10/Mines | Discovered new exit (range 8) 1420 | -10/Mines | Deemed a non-threat by the Exiles lab entrance 1420 | -10/Mines | Discovered new exit (range 5) 1485 | -10/Mines | Assembled infested the area 1534 | -10/Mines | Destroyed by D-53 Grenadier with Mini Grenade Launcher Last Messages --------------- 01202_ K-01 Serf collects debris. 01259_ G-34 Mercenary destroyed. 01263_ R-06 Scavenger collects Aluminum Leg. 01320_ K-01 Serf collects debris. 01333_ G-34 Mercenary destroyed. 01334_ K-01 Serf collects debris. 01336_ Chain reaction triggered in Lgt. Nuclear Core. 01336_ G-47 Trooper destroyed. 01336_ K-01 Serf collects debris. 01379_ EXIT=FOUND 01420_ "No threat detected, you may enter." 01420_ EXIT=FOUND 01442_ Acquired 10 matter. 01485_ ALERT: Infestation in the mines, dispatching Demolisher response squad. 01530_ C-30 ARC bursts open, deploying its payload. 01530_ D-53 Grenadier unfolds itself. 01532_ EM Pulse Gun destroyed. 01532_ as-20928 destroyed. 01532_ as-65049 destroyed. Map ----- +----------------------------------------------------+ | ?????## # ## ##????# ##????# #? | | ??????# ###### #????# ##?????# ? | | ??????# #????# #??? ##??????#### | | ??????# #????# ##?# ???????????? | | ??????# #????## ##?# ???????????? | | ??????# #?????###??# ???????????? | | ??????# #??????????## #???????????? | | ??????# #???????????#####????????????? | | ??????# #????????????????????????????? | | ??????# #????????????????????????????? | | ??????# #????????????????????????????? | | ??????# #????????????????????????????? | | ??????# ##???????????????????????????? | | ?????## ##??????????????????????????? | | ?????# #??????????????????????????? | | ?????# #??????????????????????????? | | ?????# #??????????????????????????? | | ?????## ####????????????????????????? | | ??????## #????????????????????????? | | ???????# ## #????????????????????????? | | ???????# ## #????????????????????????? | | ??###### ## #????????????????????????? | | ?## ##d####?????????????????????? | | ?# """ ## ##????????????????????? | | ?# """ ## % ##???????????????????? | | ?# """ ### d@a #???????????????????? | | ?## #### ##???????????????????? | | ??## #?# #%#????????????????????? | | ???## #?##### #????????????????????? | | ???## ##?????# #????????????????????? | | ???# ##??????# #????????????????????? | | ??# ##???????# ????????????????????? | | ?# #????????###????????????????????? | | ?# #???????????????????????????????? | | ?## ##???????????????????????????????? | | ??###?????????????????????????????????? | | ??????????????????????????????????????? | | ??????????????????????????????????????? | | ??????????????????????????????????????? | | ??????????????????????????????????????? | | ??????????????????????????????????????? | | ??????????????????????????????????????? | | ??????????????????????????????????????? | | ??????????????????????????????????????? | | ??????????????????????????????????????? | | ??????????????????????????????????????? | | ??????????????????????????????????????? | | ??????????????????????????????????????? | | ??????????????????????????????????????? | | ??????????????????????????????????????? | +----------------------------------------------------+ Best States ------------- Heat Dissipation 25 Energy Generation 10 Energy Capacity 250 Matter Stores 300 Matter Capacity 300 Sight Range 16 Terrain Scan Density 10 Evasion (%) 44 Item Schematics ----------------- None Robot Schematics ------------------ None Fabricated ------------ Nothing Alien Tech Used ----------------- None Achievements -------------- None Challenges ------------ None Game ------ Seed XenonAssembledShockpuncher Manual? 0 Play Time 00:29:11 Cumulative 18.4 hours Start 2020.10.19 @ 18:12:15 End 2020.10.20 @ 00:16:35 Sessions 1 Manual Loads 0 Difficulty Rogue Special Mode None Game No. 13 Rogue 13 Adventurer 0 Explorer 0 Win Type - Total 0 Types 0/0/0/0/0/0/0/0/0 Lore% 7 Gallery% 16 Achievement% 17 Wizard Run 0 Options --------- ASCII 0 Keyboard 0 Movement Numpad Keybinds 0 Fullscreen 1 Font 18/SmallcapsGlow Map View 76x50 Tactical HUD 1 Map Filters NONE Filters NONE Steam 1 RUN: e4065cb7-3ff1-4768-abfe-c7e8a7d9cb0f